Selects Italian Combined Arms Battlegroup
Kradschützen Motorcycle Team
Construct Light Support Kompanie
Selects Semovente da 75/18 Assault Gun
Selects Carro Armato M13/40 Light Tank
Selects Bersaglieri Squad
Selects Vehicle Support - Secure Location
Carro Armato M13/40 Light Tank
Selects Vehicle Support - Force Recon
Pak 38 Anti-tank Gun Team
Construct Panzerarmee Kommand
Walking Stuka Rocket Launcher
Pak 38 Anti-tank Gun Team
Walking Stuka Rocket Launcher
Walking Stuka Rocket Launcher